 Dungeon Crawl Stone Soup version 0.30-a0-937-ga0a21ad780 (webtiles) character file.

Game seed: 4984884538616690664

116 Iniera the Ruffian (level 5, -5/36 HPs)
             Began as an Octopode Fighter on Mar 25, 2023.
             Killed from afar by an orc wizard (8 damage)
             ... with a magic dart
             ... on level 2 of the Dungeon.
             The game lasted 00:02:14 (1778 turns).

Iniera the Ruffian (Octopode Fighter)               Turns: 1778, Time: 00:02:15

Health: -5/36      AC:  1    Str: 18    XL:     5   Next: 0%
Magic:  5/5        EV: 13    Int: 10    God:
Gold:   62         SH:  4    Dex: 11    Spells: 4/4 levels left

rFire   . . .      SeeInvis .      - Unarmed
rCold   + . .      Faith    .    a - +0 buckler
rNeg    . . .      Spirit   .    (helmet restricted)
rPois   .          Reflect  .    (no amulet)
rElec   .          Rampage  .    i - ring of protection from cold
rCorr   .                        h - ring of flight
Will    .....                    (no ring)
Stlth   +++                      (no ring)
HPRegen 0.26/turn                (no ring)
MPRegen 0.09/turn                (no ring)
                                 (no ring)
                                 (no ring)

@: flying
A: almost no armour, amphibious, 8 rings, camouflage 1, gelatinous body 1,
(nimble swimmer 1), tentacles
a: no special abilities


You were on level 2 of the Dungeon.
You visited 1 branch of the dungeon, and saw 2 of its levels.

You collected 62 gold pieces.

Inventory:

Armour
 a - a +0 buckler (worn)
Jewellery
 h - a ring of flight (right tentacle)
 i - a ring of protection from cold (left tentacle)
Scrolls
 c - 2 scrolls of teleportation {unknown}
 e - 5 scrolls of identify {unknown}
 k - a scroll of immolation {unknown}
Potions
 b - a potion of might
 d - a potion of degeneration {unknown}
 f - a potion of flight {unknown}
 g - a potion of berserk rage {unknown}
 j - a potion of mutation {unknown}


   Skills:
 + Level 3.2 Fighting
 - Level 3.0 Dodging
 + Level 1.3 Stealth
 - Level 3.0 Shields
 * Level 4.7 Unarmed Combat


You had 4 spell levels left.
You didn't know any spells.
Your spell library contained the following spells:

 Spells                   Type           Power      Damage    Failure   Level
 Flame Wave               Conj/Fire      0%         2d4       99%         4
 Ignition                 Fire           0%         3d3       100%        8
 Lehudib's Crystal Spear  Conj/Erth      0%         10d2      100%        8


Dungeon Overview and Level Annotations

Branches:
Dungeon (2/15)

Altars:
Vehumet


Innate Abilities, Weirdness & Mutations

You cannot wear most types of armour.
You are amphibious.
You can wear up to eight rings at the same time.
Your skin changes colour to match your surroundings (Stealth+).
Your rubbery body absorbs attacks. (AC +1, EV +1)
((You are camouflaged when in or above water. (Stealth+)))
You have tentacles for arms and can constrict up to eight enemies at once.


Message History

You tentacle-slap the orc priest. You squeeze the orc priest.
You kill the orc priest!
You constrict the orc. The orc hits you with a +0 falchion!
* * * LOW HITPOINT WARNING * * *
Your Stealth skill increases to level 1!
Unknown command.
You tentacle-slap the orc.
You kill the orc!
Okay, then.
You tentacle-slap the orc. Your grab misses the orc. You squeeze the orc.
You kill the orc!
You have reached level 5!
You feel stronger.
The orc wizard hits you with a +0 dagger.
* * * LOW HITPOINT WARNING * * *
Items here: )) [ ††.
You barely miss the orc wizard. You grab the orc wizard.
You constrict the orc wizard. You block the orc wizard's attack.
You tentacle-slap the orc wizard but do no damage.
You squeeze the orc wizard.
The orc wizard is moderately wounded.
You constrict the orc wizard.
The orc wizard points at you and mumbles some strange words.
You are confused.
You release your grip on the orc wizard.
The orc wizard gestures at you while chanting.
You resist with some effort.
Things that are here:
a +0 war axe; a +0 ring mail You closely miss the orc wizard.
The orc wizard is heavily wounded.
The orc wizard hits you with a +0 dagger.
* * * LOW HITPOINT WARNING * * *
You closely miss the orc wizard.
The orc wizard is heavily wounded.
The orc wizard misses you.
You feel less confused.
The orc wizard points at you and mumbles some strange words.
The magic dart hits you!
You die...

#......)...##..#....#
#..........###...####
#..........# #.###
############ #.#
##########># #####
#..........#
####...###..........#
#.................)(#
...)...####o@........#
o....## #..........#
o.## #..........# .
#..........#
#..........#
#..........#
#.........##
####.###### #.#


You could see an orc wizard.

Vanquished Creatures
  An orc priest (D:2)
  Robin (D:2)
  3 gnolls
  2 orcs (D:2)
  3 ball pythons
  5 endoplasms
  A giant cockroach (D:1)
  9 goblins
  6 hobgoblins
  5 kobolds
  2 quokkas (D:1)
  3 bats (D:2)
  A rat (D:1)
42 creatures vanquished.

Notes
Turn   | Place    | Note
-------+----------+-------------------------------------------
     0 | D:1      | Iniera the Octopode Fighter began the quest for the Orb.
     0 | D:1      | Reached XP level 1. HP: 16/16 MP: 1/1
   328 | D:1      | Reached XP level 2. HP: 17/21 MP: 2/2
   498 | D:1      | Reached skill level 3 in Unarmed Combat
   641 | D:1      | Got the Monograph on Telluric Ignition
   798 | D:1      | Found a faded altar of an unknown god.
   923 | D:1      | Reached XP level 3. HP: 22/26 MP: 3/3
  1006 | D:2      | Noticed Robin
  1012 | D:2      | Reached skill level 4 in Unarmed Combat
  1189 | D:2      | Killed Robin
  1190 | D:2      | Reached XP level 4. HP: 19/31 MP: 4/4
  1302 | D:2      | Found a radiant altar of Vehumet.
  1769 | D:2      | Reached skill level 1 in Stealth
  1771 | D:2      | Reached XP level 5. HP: 7/36 MP: 5/5
  1778 | D:2      | Killed from afar by an orc wizard

Illustrated notes

Levels and vault maps discovered:
D:1:      psy_arrival_terrarium, layout_loops_corners, basic_ecumenical_altar,
          nicolae_figureground_pulse
D:2:      layout_basic, basic_altar, serial_curves, eino_curves_01,
          eino_curves_03, eino_curves_03, eino_curves_04, uniq_robin

Skill      XL: |  1  2  3  4 |
---------------+-------------+-----
Unarmed Combat | 3 4 |  4.7
Stealth        | 1 |  1.3
Fighting       | |  3.2
Dodging        | |  3.0
Shields        | |  3.0

Action                     |  1- 3 |  4- 6 || total
---------------------------+-------+-------++-------
  Melee: Unarmed           |    49 |    35 ||    84
         Tentacles         |    14 |     7 ||    21
         Constrict         |    14 |     6 ||    20
         Punch             |     3 |     1 ||     4
   Stab: Sleeping          |     4 |     3 ||     7
 Armour: Skin              |     1 |     1 ||     2
  Dodge: Dodged            |    24 |    12 ||    36
  Block: Buckler           |     9 |     9 ||    18

Table legend: (Time is in decaauts)
 A = Elapsed time spent in this place.
 B = Non-inter-level travel time spent in this place.
 C = Inter-level travel time spent in this place.
 D = Time resting spent in this place.
 E = Time spent auto-exploring this place.
 F = Levels seen in this place.
 G = Mean time per level.
                   A        B        C        D        E       F      G
               +--------+--------+--------+--------+--------+-----+--------+
         Total |   1776 |   1759 |     17 |    116 |   1308 |   2 |  888.0 |
       Dungeon |   1776 |   1759 |     17 |    116 |   1308 |   2 |  888.0 |
               +--------+--------+--------+--------+--------+-----+--------+

Top non-repeatable levels by time:
     D:1: 1031 daAuts
     D:2: 745 daAuts
